 Dungeon Sprint DCSS version 0.18.1-48-g4cf74bf (webtiles) character file.

289 Neosonic97 the Ducker (level 6, -4/60 HPs)
             Began as a Draconian Transmuter on Sept 9, 2016.
             Asphyxiated
             ... in the Dungeon (Sprint I: "Red Sonja").
             The game lasted 00:01:09 (668 turns).

Neosonic97 the Ducker (Draconian Transmuter)         Turns: 668, Time: 00:01:11

Health: -4/60      AC: -2    Str: 13    XL:     6   Next: 9%
Magic:  6/9        EV: 26    Int: 14    God:
Gold:   162        SH:  0    Dex: 17    Spells: 2 memorised, 5 levels left

rFire  . . .     SeeInvis .       - Unarmed
rCold  . . .     Gourm    .     (armour unavailable)
rNeg   . . .     Faith    .     (shield currently unavailable)
rPois  x         Spirit   .     (helmet currently unavailable)
rElec  .         Dismiss  .     (cloak currently unavailable)
rCorr  .         Reflect  .     (gloves currently unavailable)
SustAt .         Harm     .     (boots currently unavailable)
MR     .....     NoTele   +     (no amulet)
Stlth  ++........               (no ring)
                                (no ring)

@: lethally poisoned (-4 -> -85), exhausted, spider-form (expiring), corroded,
slowed, very slow, not resistant to hostile enchantments, unstealthy
A: unfitting armour, (cold-blooded), AC +6
a: End Transformation


You were in the Dungeon.
You were not hungry.
You were a venomous arachnid creature.
You visited 1 branch You collected 162 gold pieces.

Inventory:

Missiles
 a - 12 arrows
Armour
 k - a +2 pair of boots
Scrolls
 i - a scroll of blinking
Potions
 d - a potion of curing
 e - a potion of heal wounds
 f - a potion of haste
 g - 2 potions of magic
Books
 b - a book of Changes

   Spells                             Type                      Level
   a - Beastly Appendage              Transmutation                1
   b - Sticks to Snakes               Transmutation                2
   c - Spider Form                    Transmutation/Poison         3
   d - Ice Form                       Ice/Transmutation            4
   e - Blade Hands                    Transmutation                5
Comestibles
 c - a bread ration
 j - 2 chunks of flesh


   Skills:
 * Level 7.0 Fighting
 * Level 7.8 Dodging
 - Level 3.0 Unarmed Combat
 - Level 2.0 Spellcasting
 * Level 7.5 Transmutations


You had 5 spell levels left.
You knew the following spells:

 Your Spells              Type           Power        Failure   Level  Hunger
a - Beastly Appendage     Trmt           ###...       4%          1    ##.....
b - Spider Form           Trmt/Pois      ##........   36%         3    ####...


Dungeon Overview and Level Annotations

Branches:
Dungeon (1/1)

Altars:
Sif Muna
Vehumet

Annotations:
D Sonja


Innate Abilities, Weirdness & Mutations

((Your plain brown scales are hard (AC +6).))
Your body does not fit into most forms of armour.
((You are cold-blooded and may be slowed by cold attacks.))


Message History

You see here a curare-tipped needle.
You feel very sick.
Sonja zaps a wand.
You are blasted!
* * * LOW HITPOINT WARNING * * *
Sonja gestures wildly while chanting.
Sonja blinks!
You feel your anger subside.
Your transformation is almost over.
You are no longer berserk.
You are exhausted.
You feel as though you will be slow longer.
* * * LOW HITPOINT WARNING * * *
You feel very sick.
Sonja shoots a curare-tipped needle.
The curare-tipped needle closely misses you.
* * * LOW HITPOINT WARNING * * *
You feel very sick.
Sonja shoots a curare-tipped needle.
The curare-tipped needle hits you.
You are more poisoned.
You have difficulty breathing.
You die...

#..#####'#####'#
#..# #..# #.#
#..# #### ##(#
#..# #+#..+ #⌠⌠#
+.(._# ####
#_K#+# ##(#
##(## +s.$+
#$§$# ##.## #+#


You could see Sonja.

Vanquished Creatures
  Sigmund (D)
  An ogre (D)
  A jelly (D)
  Ijyb (D)
4 creatures vanquished.

Notes
Turn   | Place    | Note
--------------------------------------------------------------
     0 | D        | Neosonic97 the Draconian Transmuter began the quest for the Orb.
     0 | D        | Reached XP level 1. HP: 16/16 MP: 3/3
     2 | D        | Noticed Ijyb
    30 | D        | Killed Ijyb
    30 | D        | Reached XP level 2. HP: 15/26 MP: 3/5
   165 | D        | Noticed an ogre
   178 | D        | Killed an ogre
   178 | D        | Reached skill level 5 in Fighting
   178 | D        | Reached skill level 5 in Dodging
   178 | D        | Reached skill level 5 in Transmutations
   178 | D        | Reached XP level 3. HP: 4/36 MP: 4/6
   178 | D        | Reached XP level 4. HP: 5/42 MP: 4/7
   184 | D        | Learned a level 3 spell: Spider Form
   452 | D        | Noticed Sigmund
   464 | D        | Killed Sigmund
   464 | D        | Reached XP level 5. HP: 19/51 MP: 5/8
   651 | D        | Found a deep blue altar of Sif Muna.
   654 | D        | Found a radiant altar of Vehumet.
   659 | D        | Reached XP level 6. HP: 54/60 MP: 5/9
   662 | D        | Noticed Sonja
   668 | D        | Asphyxiated

Skill      XL: |  1  2  3  4  5 |
---------------+----------------+-----
Fighting       | 3 5 6 7 |  7.0
Dodging        | 3 5 7 |  7.8
Transmutations | 3 5 7 |  7.5
Unarmed Combat | |  3.0
Spellcasting   | |  2.0

Action                   |  1- 3 |  4- 6 || total
-------------------------+-------+-------++-------
Melee: Unarmed           |    36 |    12 ||    48
       Tailslap          |     5 |       ||     5
       Kick              |     2 |       ||     2
       Headbutt          |     2 |       ||     2
 Cast: Beastly Appendage |     3 |       ||     3
       Spider Form       |       |     2 ||     2
  Use: Potion            |       |     1 ||     1
Armor: Skin              |     4 |       ||     4
Dodge: Dodged            |    18 |     8 ||    26
